[Event "*** Titled Tuesday Blitz"]
[Site "Chess.com"]
[Date "2020.11.24"]
[Round "5"]
[White "vinniethepooh"]
[Black "Sanan_Sjugirov"]
[Result "1/2-1/2"]
[WhiteElo "2618"]
[BlackElo "2911"]
[TimeControl "180+1"]
[EndTime "11:13:04 PST"]
[Termination "Game drawn - insufficient material"]

1. d4 Nf6 2. c4 e6 3. Nc3 Bb4 4. f3 c5 5. d5 b5 6. e4 d6 7. Bd3 O-O 8. Ne2 bxc4 9. Bxc4 exd5 10. Bxd5 Nxd5 11. Qxd5 Qb6 12. Bg5 Nc6 13. O-O Be6 14.
Qd2 Rab8 15. Rfd1 Ne5 16. Kh1 Nc4 17. Qc1 Bxc3 18. bxc3 Qb2 19. Nf4 Rfe8 20. h3 Qxc1 21. Rdxc1 h6 22. Bh4 g5 23. Nxe6 fxe6 24. Bg3 Rb2 25.
Rab1 Reb8 26. Rxb2 Rxb2 27. h4 e5 28. hxg5 hxg5 29.
Kh2 Kf7 30. Kh3 Kg6 31. a4 a5 32. Rd1 Rb3 33. Be1 Rb8 34. Kg3 Rb2 35. Bf2 Kf6 36. Rh1 Kg7 37. Rd1 Kg6 38. Rd3 Rd2 39. Rxd2 Nxd2 40.
Be3 Nc4 41. Bc1 Kh5 42. Kf2 Nb6 43. Bd2 Nxa4 44. c4 Nb6 45. Bxa5 Nxc4 46. Bc7 g4 47. Ke2 Kg5 48. Kd3 Nb2+ 49. Kc2 Nc4 50. Kd3 Nb2+ 51.
Kc2 Na4 52. Bxd6 Kf4 53. fxg4 Kxe4 54. g5 Kf5 55. g6 Kxg6 56. Bxe5 Nb6 57. Bd6 Nd7 58.
Bxc5 Nxc5 59. g4 Ne6 60. g5 Nxg5 1/2-1/2

[Event "*** Titled Tuesday Blitz"]
[Site "Chess.com"]
[Date "2020.11.24"]
[Round "5"]
[White "orestn"]
[Black "bazar-wokzal"]
[Result "0-1"]
[WhiteElo "2289"]
[BlackElo "2523"]
[TimeControl "180+1"]
[EndTime "11:13:05 PST"]
[Termination "bazar-wokzal won on time"]

1. e4 Nc6 2. Nf3 d5 3. exd5 Qxd5 4. Nc3 Qa5 5. Bb5 Bd7 6. Qe2 a6 7. Ba4 Qh5 8. Ne4 Nf6 9. Ng3 Qa5 10. Bb3 Bg4 11. c3 O-O-O 12. O-O h5 13. h3 h4 14.
Ne4 Bh5 15. d4 Qf5 16. Neg5 e6 17. Bc2 Qd5 18. Bb3 Qd6 19. Re1 Be7 20. Qc2 Nd5 21. Ne5 Bxg5 22. Nxc6 Bxc1 23. Nxd8 Bf4 24. Nxb7 Kxb7 25. Qe4 Bg6 26. Qf3 c6 27. c4 Nb4 28.
d5 cxd5 29. cxd5 Nxd5 30. Rad1 Rd8 31. Rd4 Bg5 32. Red1 Qb6 33. Bxd5+ exd5 34. Rxd5 Rxd5 35. Qxd5+ Qc6 36. Qxg5 a5 37. Qxh4 Qc2 38. Qd4 Qc6 39. Qd5 Qxd5 40. Rxd5 a4 41. Ra5 Bc2 42. b3 axb3 43.
axb3 Kb6 44. Ra4 Kb5 45. Ra7 Bxb3 46. f4 Be6 47. Kf2 Kc5 48. g4 Kd6 49. Kg3 Bd5 50. f5 Ke5 51. Ra5 Ke4 52. Rxd5 Kxd5 53. Kf4 f6 54. h4 Kd6 55. g5 fxg5+ 56. hxg5 Ke7 57. Ke5 Kf7 58. Kd6 Kf8 59. Ke6 Ke8 60. f6 g6 0-1

[Event "*** Titled Tuesday Blitz"]
[Site "Chess.com"]
[Date "2020.11.24"]
[Round "5"]
[White "BegmuratovKh2010"]
[Black "Fortitudine"]
[Result "1/2-1/2"]
[WhiteElo "2503"]
[BlackElo "2362"]
[TimeControl "180+1"]
[EndTime "11:13:06 PST"]
[Termination "Game drawn - insufficient material"]

1. d4 Nf6 2. Nf3 g6 3. g3 Bg7 4. Bg2 c5 5. O-O cxd4 6. Nxd4 O-O 7. Nb3 d6 8. c4 Nc6 9. Nc3 Be6 10. Nd5 Rc8 11.
Nd2 Qd7 12. Rb1 Bh3 13. e4 Bxg2 14. Kxg2 Rfd8 15. b3 e6 16. Nxf6+ Bxf6 17. Nf3 Qe7 18. Be3 b6 19. Qe2 d5 20. cxd5 exd5 21. exd5 Rxd5 22. Rbc1 Rdd8 23. Rfd1 Rxd1 24. Qxd1 Rd8 25. Qe2 Ne5 26. Nxe5 Qxe5 27. Rc4 Qd5+ 28. Qf3 Qxf3+ 29.
Kxf3 Rd7 30. Rc6 Kg7 31. h4 h5 32. a4 Re7 33. b4 Rb7 34. a5 bxa5 35. bxa5 Bd8 36. Bd4+ f6 37. a6 Rd7 38. Bc5 Kf7 39.
Rc8 Bb6 40. Bxb6 axb6 41. Rc6 b5 42. Rb6 Rd3+ 43. Ke2 Ra3 44. Rb7+ Ke6 45. a7 b4 46.
Kd2 Ra2+ 47. Kd3 Kd5 48. Rd7+ Kc6 49. Rf7 Kd5 50. Rxf6 Ra3+ 51. Kc2 Rxa7 52. Kb3 Rg7 53. Kxb4 Ke5 54. Rf4 g5 55. hxg5 Rxg5 56. Rh4 Kf6 57.
Kc3 Kg6 58. Kd3 Rd5+ 59. Ke3 Ra5 60. Kf3 Ra3+ 61. Kg2 Ra2 62. Kg1 Ra3 63. Rf4 Ra2 64. Kg2 Ra3 65. Rf3 Ra4 66. Re3 Rb4 67. f4 h4 68. gxh4 Rxf4 69. Kg3 Rf1 70. Re6+ Kh5 71. Re5+ Kh6 72. Kg4 Rg1+ 73. Kf5 Kh5 74. Re6 Kxh4 75. Rh6+ Kg3 76. Rg6+ Kf2 77. Rxg1 Kxg1 1/2-1/2

[Event "*** Titled Tuesday Blitz"]
[Site "Chess.com"]
[Date "2020.11.24"]
[Round "5"]
[White "esteban062000"]
[Black "03revilo"]
[Result "1-0"]
[WhiteElo "2233"]
[BlackElo "2345"]
[TimeControl "180+1"]
[EndTime "11:13:06 PST"]
[Termination "esteban062000 won by resignation"]

1. Nf3 d5 2. c4 e6 3. b3 Nf6 4. g3 Be7 5. Bg2 O-O 6. O-O c5 7. cxd5 Nxd5 8. Bb2 Nc6 9. Nc3 Bf6 10. Rc1 b6 11.
Na4 Bxb2 12. Nxb2 e5 13. d3 Bg4 14. Qd2 Re8 15. Nc4 Qf6 16. Rfe1 Rad8 17. Qg5 Bxf3 18. Qxf6 Nxf6 19. Bxf3 Nd4 20. Bg2 e4 21. dxe4 Nxe4 22. e3 Nb5 23. Red1 Nec3 24. Rxd8 Rxd8 25. Rc2 Rd1+ 26.
Bf1 Ne4 27. Kg2 g6 28. Be2 Ra1 29. Bf3 Nec3 30. a4 Nd4 31. exd4 cxd4 32. Ne5 Rb1 33. Nc6 Rxb3 34. Nxd4 Ra3 35. Bc6 Nxa4 36. Bxa4 Rxa4 37.
Rc8+ Kg7 38. Nf3 a5 39. Rc7 Kf6 40. Nd2 Rb4 41. Rc6+ Ke7 42. Nf3 f6 43. Rc7+ Kd6 44.
Rxh7 a4 45. Ra7 Kc6 46. Ne1 b5 47. Nd3 Rb3 48. Nf4 g5 49. Ne6 Kb6 50. Ra8 a3 51. Nd4 Rd3 52. Ne2 b4 53. Nc1 Rc3 54. Na2 Rb3 55.
Rb8+ Kc5 56. Rc8+ Kd4 57. Rd8+ Kc4 58. Rc8+ Kb5 59. Rb8+ Kc5 60. Rc8+ Kb5 61. Rb8+ Kc6 62.
Nc1 Rb2 63. Nd3 a2 64. Ra8 Rd2 65. Nxb4+ Kb5 66. Nxa2 Kc5 67. Nc3 Kc4 68. Ne4 Rd4 69.
Nxf6 g4 70. Ra4+ 1-0

[Event "*** Titled Tuesday Blitz"]
[Site "Chess.com"]
[Date "2020.11.24"]
[Round "5"]
[White "VerdeNotte"]
[Black "GianmarcoVaR"]
[Result "1-0"]
[WhiteElo "2905"]
[BlackElo "2602"]
[TimeControl "180+1"]
[EndTime "11:13:08 PST"]
[Termination "VerdeNotte won on time"]

1. Nf3 Nf6 2. g3 d5 3. Bg2 c6 4. O-O Bg4 5. c4 e6 6. cxd5 exd5 7. Qb3 Qb6 8. d3 Nbd7 9. Qc2 Be7 10. Be3 Qd8 11.
Nc3 Bxf3 12. Bxf3 Ne5 13. Bg2 d4 14. Bf4 Ng6 15. Ne4 Nxf4 16. gxf4 Nd5 17. Qd2 Bb4 18.
Qc1 O-O 19. Ng3 Re8 20. Be4 Nf6 21. Bf3 Qa5 22. a3 Bd2 23. b4 Bxc1 24. bxa5 Bxf4 25. a6 Nd5 26. axb7 Rab8 27. Rab1 Re7 28. Nf5 Rexb7 29. Rxb7 Rxb7 30. Nxd4 Rb2 31. Nxc6 Nc3 32. e3 Bd6 33. a4 a6 34. a5 g6 35. Kg2 Bc7 36. Rc1 Nb5 37. d4 Kg7 38. Be4 Ra2 39. Bd5 Ra3 40.
Rc5 Bxa5 41. Nxa5 Rxa5 42. Bc4 h5 43. h4 Kf6 44. Kf3 Ke7 45. Re5+ Kf6 46. Kg3 Ra3 47. Bxb5 axb5 48. Rxb5 Ra6 49. Kf4 Re6 50. e4 Ra6 51. e5+ Kg7 52. Rb7 Ra2 53. Ke3 Kf8 54. d5 Ra4 55. f4 Ke8 56. Rc7 Rb4 57. d6 Ra4 58. Re7+ Kf8 59. Rd7 Ke8 60. Rc7 Rb4 61. Ra7 Rc4 62. Ra3 1-0

[Event "*** Titled Tuesday Blitz"]
[Site "Chess.com"]
[Date "2020.11.24"]
[Round "5"]
[White "Vulcanochess"]
[Black "cukin84"]
[Result "1-0"]
[WhiteElo "2322"]
[BlackElo "2147"]
[TimeControl "180+1"]
[EndTime "11:13:08 PST"]
[Termination "Vulcanochess won by resignation"]

1. c4 f5 2. Nc3 Nf6 3. g3 g6 4. Bg2 Bg7 5. d4 O-O 6. Nf3 d6 7. O-O Qe8 8. Qc2 Qf7 9. b3 h6 10. Bd2 Kh7 11. Rad1 a5 12. Rfe1 Na6 13. e4 Nb4 14.
Qb1 fxe4 15. Nxe4 Nxe4 16. Qxe4 Bg4 17. Re3 Bf5 18. Qxe7 Qxe7 19. Rxe7 Bg4 20. Re3 Bxd4 21. Re4 Bxf3 22. Bxf3 Rxf3 23. Rxd4 Nc6 24. Rh4 h5 25. Bf4 Re8 26. c5 dxc5 27. Kg2 Rc3 28. Rd7+ Re7 29. Rxe7+ Nxe7 30. Bxc7 b5 31. Bxa5 Rc2 32. a4 b4 33.
Bb6 Nd5 34. a5 Rb2 35. Bxc5 Rxb3 36. a6 Ra3 37. a7 Ra2 38. Rd4 Ne3+ 39. Kf3 Nf5 40.
Rd7+ Kh6 41. Rb7 Ra3+ 42. Kg2 Ra5 43. Bxb4 Ra2 44. h4 Ne3+ 45. Kf3 g5 46. Bf8+ Kg6 47. Kxe3 gxh4 48. gxh4 Kf5 49. Kf3 Ra4 50. Kg2 Kg4 51.
Bd6 Kxh4 52. Bc5 Kg4 53. Be3 h4 54. Rh7 Ra2 55. Rh8 Ra1 56. a8=Q Rxa8 57. Rxa8 h3+ 58. Kh2 Kf3 59. Rf8+ Ke2 60. Kxh3 Kf1 61. Rg8 Ke2 62. Kg2 Kd3 63. Bh6 Ke4 64. Re8+ Kf5 65. f4 Kg6 66. Kf3 Kxh6 67. Ke4 Kg6 68. Re5 Kf6 69. Ra5 Kf7 70. Ra6 Ke7 71. Kf5 1-0

[Event "*** Titled Tuesday Blitz"]
[Site "Chess.com"]
[Date "2020.11.24"]
[Round "5"]
[White "MrTattaglia"]
[Black "Chesswizard_2007"]
[Result "1-0"]
[WhiteElo "2831"]
[BlackElo "2625"]
[TimeControl "180+1"]
[EndTime "11:13:09 PST"]
[Termination "MrTattaglia won by checkmate"]

1. Nf3 Nf6 2. c4 a6 3. b3 b5 4. Bb2 Bb7 5. g3 e6 6. Bg2 Be7 7. O-O O-O 8. d3 c5 9. Nbd2 Nc6 10. Re1 d5 11. Rc1 Qb6 12. e3 Rfd8 13. Qe2 Rd7 14. Ne5 Nxe5 15. Bxe5 Rad8 16. Rc2 Qa5 17. Bxf6 Bxf6 18.
cxd5 Bxd5 19. Rxc5 Bxg2 20. Kxg2 Bc3 21. Rd1 Rxd3 22.
Nc4 bxc4 23. Rxa5 Bxa5 24. Rc1 c3 25. Qf3 Bb4 26. Qb7 a5 27. Qb6 h6 28. a3 Bxa3 29.
Rxc3 Rxc3 30. Qxd8+ Kh7 31. Qxa5 Rxb3 32. Qa4 Rc3 33.
Qd4 Rb3 34. Qc4 Rb7 35. Qd3+ g6 36. Qxa3 Kg7 37. Qc3+ Kh7 38. Qf6 Rd7 39. h4 h5 40.
f3 Kg8 41. Kh3 Rd3 42. Qe5 Rd5 43. Qe4 Kg7 44. g4 Kg8 45. Qf4 Kg7 46. e4 Ra5 47. e5 hxg4+ 48. Kxg4 Ra1 49. Qf6+ Kf8 50. Kg5 Rg1+ 51. Kh6 Ke8 52. Kg7 Kd7 53. Qxf7+ Kc6 54. Qxg6 Kc5 55. Qxg1+ Kc4 56. Qg6 Kb3 57. Qxe6+ Kb2 58.
Qf6 Ka1 59. e6+ Ka2 60. e7 Kb1 61. Qb6+ Ka2 62. e8=Q Ka3 63. Qa8# 1-0

[Event "*** Titled Tuesday Blitz"]
[Site "Chess.com"]
[Date "2020.11.24"]
[Round "5"]
[White "RobPeresian"]
[Black "PavelShkapenko"]
[Result "0-1"]
[WhiteElo "2444"]
[BlackElo "2681"]
[TimeControl "180+1"]
[EndTime "11:13:12 PST"]
[Termination "PavelShkapenko won by resignation"]

1. Nf3 Nf6 2. c4 e6 3. Nc3 b6 4. g3 Bb7 5. Bg2 Bb4 6. Qc2 O-O 7. O-O d5 8. cxd5 exd5 9. d4 a6 10. Bg5 Nbd7 11. a3 Bd6 12. Rac1 h6 13. Bxf6 Nxf6 14. Rfd1 Qe7 15. e3 Rfe8 16. Ne1 h5 17. Nd3 h4 18.
b4 hxg3 19. hxg3 a5 20. Nb5 axb4 21. Nxd6 cxd6 22. axb4 Ba6 23. Nf4 Bc4 24. Qf5 Ra4 25.
Nxd5 Bxd5 26. Bxd5 Rxb4 27. Rc6 Rb2 28. Rdc1 Nxd5 29.
Qxd5 Qf6 30. R6c2 Rxc2 31. Rxc2 Qg6 32. Rc6 Re6 33. Rxb6 Kh7 34. Rb5 Qd3 35. Qf5+ Qxf5 36. Rxf5 Kg6 37. Rd5 Kf6 38. Kg2 Ke7 39. Kf3 Rf6+ 40. Ke2 Ke6 41. Ra5 Rh6 42. e4 Rh1 43.
f4 Rb1 44. Ra6 Ke7 45. d5 Rb3 46. Kf2 Rc3 47. g4 Rb3 48. g5 g6 49. Ra7+ Ke8 50.
Rc7 Ra3 51. Rc2 Rb3 52. Rd2 Ke7 53. e5 Ra3 54. Re2 Rb3 55. exd6+ Kxd6 56. Re7 Kxe7 57. Ke2 Kd6 58. Kf2 Kxd5 59. Ke2 Rb4 60. Kf3 Rb3+ 61.
Kg4 Ke4 62. f5 gxf5+ 63. Kh4 Kf4 64. g6 Rb8 65. g7 Rg8 66. Kh5 Rxg7 67. Kh6 Rg4 0-1

[Event "*** Titled Tuesday Blitz"]
[Site "Chess.com"]
[Date "2020.11.24"]
[Round "5"]
[White "Aygehovit1992"]
[Black "Unknown_IM"]
[Result "1-0"]
[WhiteElo "2644"]
[BlackElo "2397"]
[TimeControl "180+1"]
[EndTime "11:13:16 PST"]
[Termination "Aygehovit1992 won on time"]

1. e4 e5 2. Nf3 Nc6 3. Bb5 a6 4. Ba4 Nf6 5. d3 d6 6. c4 g6 7.
Nc3 Bg7 8. Nd5 O-O 9. Bg5 Be6 10.
Qd2 Bxd5 11. cxd5 Ne7 12. Rc1 b5 13. Bb3 Qd7 14. O-O Rac8 15. Qa5 c6 16. dxc6 Rxc6 17.
Rxc6 Qxc6 18. Rc1 Qa8 19. Qc7 Qd8 20. Qxd8 Rxd8 21. Rc7 Kf8 22. Ra7 h6 23. Bxf6 Bxf6 24. Rxa6 Kg7 25. g3 d5 26. exd5 Nxd5 27. Ra7 Ne7 28.
Nxe5 Bxe5 29. Rxe7 Bxb2 30. Rxf7+ Kh8 31. Rf3 Bd4 32. Kg2 b4 33. h4 Rd7 34. Bc4 Kg7 35. Rf4 g5 36. hxg5 hxg5 37. Re4 Rd6 38. f3 Kf6 39.
Kh3 Bc3 40. Kg4 Be5 41. f4 gxf4 42. gxf4 Bc3 43. Re2 Ba1 44. Rh2 Kg6 45. Rh5 Bf6 46.
Rb5 Bc3 47. Rg5+ Kf6 48. Rb5 Bd2 49. Bd5 Ra6 50. Rb7 Bc3 51. Rf7+ Kg6 52. f5+ Kh6 53. Rd7 Rf6 54. Be6 Bb2 55. Rd8 Bc3 56. d4 Bb2 57. d5 Kg7 58. d6 Rh6 59. d7 Bf6 60. Rg8+ Kh7 61. d8=Q Rh4+ 62. Kg3 Bxd8 63. Rxd8 Re4 64. Kf3 Rh4 65. f6 Rh2 66. Bf5+ 1-0

[Event "*** Titled Tuesday Blitz"]
[Site "Chess.com"]
[Date "2020.11.24"]
[Round "5"]
[White "Grieve72"]
[Black "Julianos82"]
[Result "0-1"]
[WhiteElo "2404"]
[BlackElo "2330"]
[TimeControl "180+1"]
[EndTime "11:13:16 PST"]
[Termination "Julianos82 won by resignation"]

1. e4 c5 2. Nc3 a6 3. g3 b5 4.
Bg2 Bb7 5. f4 e6 6. d3 Nf6 7.
Nf3 b4 8. Ne2 d5 9. e5 Nfd7 10.
O-O Nc6 11. d4 cxd4 12. Nexd4 Bc5 13. Be3 Qb6 14. Kh1 O-O 15. Qd2 Rfc8 16. Rfe1 a5 17. Rad1 Nxd4 18. Bxd4 Bxd4 19. Nxd4 Nc5 20. Qe3 Ne4 21.
Bxe4 dxe4 22. Nf5 Qxe3 23. Nxe3 Rd8 24. Kg1 Kf8 25. Kf2 Ke7 26. h4 f5 27. Nc4 Bd5 28. Nb6 Ra6 29. Nxd5+ exd5 30. Ke3 Rc6 31. Re2 Ke6 32. Kd2 d4 33. Ke1 Kd5 34. Red2 Kc5 35. Ke2 a4 36. h5 Rc7 37. Ke1 Rcd7 38. Ke2 a3 39. b3 g6 40. h6 Rc7 41. Ke1 Rc6 42. Ke2 Re6 43. Ke1 g5 44. fxg5 Rxe5 45. Ke2 Re6 46. Rf1 Re5 47. Rf4 d3+ 48. Ke3 Red5 49. cxd3 Rxd3+ 50. Rxd3 Rxd3+ 51. Ke2 Rxg3 52. Rxf5+ Kd4 53. Rb5 Kc3 54. Kf2 Rf3+ 55. Ke2 Rg3 56. Kf2 Rf3+ 57. Kg2 Rf7 58. Re5 Kb2 59. Rxe4 Kxa2 60.
Rxb4 Kb2 61. Kg3 a2 62. Ra4 Rb7 63. g6 hxg6 64. Rxa2+ Kxa2 65. Kg4 Rb5 66. h7 Rh5 67. b4 Rxh7 68. Kg5 Rb7 0-1

[Event "*** Titled Tuesday Blitz"]
[Site "Chess.com"]
[Date "2020.11.24"]
[Round "5"]
[White "Sebastian"]
[Black "TigrVShlyape"]
[Result "1/2-1/2"]
[WhiteElo "2918"]
[BlackElo "2821"]
[TimeControl "180+1"]
[EndTime "11:13:17 PST"]
[Termination "Game drawn by agreement"]

1. e4 e5 2. Nf3 Nc6 3. Bb5 a6 4. Ba4 Nf6 5. O-O Be7 6. Re1 b5 7. Bb3 d6 8. a4 Bd7 9. Nc3 Na5 10. Ba2 b4 11. Nd5 c5 12. c3 bxc3 13. bxc3 O-O 14. d4 cxd4 15. cxd4 Nc6 16. dxe5 Nxd5 17. Bxd5 dxe5 18.
Bb2 Rb8 19. Bxe5 Nxe5 20. Nxe5 Be8 21. Rc1 Bb4 22. Re2 Kh8 23. Nc6 Bxc6 24. Rxc6 a5 25. g3 Qe7 26. Rec2 Rbd8 27. Qf3 Rd7 28. Kg2 g6 29. h4 h5 30. Rc8 Rxc8 31. Rxc8+ Kg7 32. Rc6 Qe5 33. Ra6 Rc7 34. Rc6 Re7 35. Qb3 Qd4 36. Rc4 Qe5 37. Qf3 Rc7 38. Rxc7 Qxc7 39. Qd3 Qe5 40. f4 Qc3 41. Qe2 Qd2 42. Qxd2 Bxd2 43.
e5 Be1 44. Kf3 Kf8 45. Bc4 Ke7 46. Bd3 Ke6 47. Bc4+ Ke7 48. Bb5 f6 49. exf6+ Kxf6 50. Bd3 Kg7 51. Kg2 Kf6 52. Kh3 Kg7 53. Be4 Kf6 54. Bc6 Kg7 55. Be8 Kf6 56. Kg2 Kf5 57.
Kf3 Kf6 58. Bb5 Kf5 59. Bd3+ Kf6 60. Be4 Kg7 61. Kg2 Kf6 62. Kh3 Kg7 63. g4 hxg4+ 64. Kxg4 Kf6 65. Bd3 Bf2 66. h5 gxh5+ 67. Kxh5 Bc5 68.
Kg4 Bb4 69. Kf3 Bc3 70. Ke4 Bb4 71. f5 Bc3 72. Kd5 Bb4 1/2-1/2

[Event "*** Titled Tuesday Blitz"]
[Site "Chess.com"]
[Date "2020.11.24"]
[Round "5"]
[White "SergeyShtyka"]
[Black "xamax2000"]
[Result "1/2-1/2"]
[WhiteElo "2393"]
[BlackElo "2629"]
[TimeControl "180+1"]
[EndTime "11:13:17 PST"]
[Termination "Game drawn by repetition"]

1. e4 c6 2. Nf3 d5 3. Nc3 Bg4 4. h3 Bxf3 5. Qxf3 e6 6. d3 Nd7 7.
g3 d4 8. Nb1 Bb4+ 9. c3 Ba5 10.
Bd2 dxc3 11. Bxc3 Ngf6 12. Qe2 O-O 13. Nd2 e5 14. Nc4 Bxc3+ 15. bxc3 b5 16. Ne3 Qa5 17. Qb2 Nc5 18. Qb4 Qxb4 19. cxb4 Ne6 20. Rc1 a5 21. bxa5 Rxa5 22. Rxc6 Rxa2 23. Rb6 Nd4 24. Bg2 Re2+ 25. Kf1 Ra8 26. Bf3 Rd2 27. Kg2 h5 28. Rd1 Rb2 29. h4 Raa2 30. Rf1 Rd2 31. Nd5 Nxd5 32. exd5 Nxf3 33. Kxf3 Rxd3+ 34. Ke4 Rad2 35. Kxe5 Rxd5+ 36. Ke4 f6 37. Kf3 Kh7 38. Rb1 Rf5+ 39. Ke3 Rfxf2 40. R6xb5 Rde2+ 41. Kd3 Kg6 42. R1b4 Ra2 43. Ke3 Rae2+ 44. Kd3 Re6 45. Rf4 Rxf4 46. gxf4 Ra6 47. f5+ Kh6 48. Rb4 Ra3+ 49. Ke4 Rh3 50. Kd5 Re3 51. Kd6 Re5 52. Rf4 Kh7 53. Kd7 Kg8 54. Kd6 Kf7 55. Kd7 Rd5+ 56. Kc6 Rd1 57. Kc5 Ke7 58. Kc6 Kd8 59. Kc5 Kd7 60. Kc4 Kd6 61. Rd4+ Rxd4+ 62. Kxd4 Ke7 63.
Kc5 Kf7 64. Kd5 Ke7 65. Kc5 Kd7 66. Kd5 Ke7 67. Kc5 1/2-1/2

[Event "*** Titled Tuesday Blitz"]
[Site "Chess.com"]
[Date "2020.11.24"]
[Round "5"]
[White "Sharpchess22"]
[Black "BogdanDeac"]
[Result "1/2-1/2"]
[WhiteElo "2816"]
[BlackElo "2899"]
[TimeControl "180+1"]
[EndTime "11:13:18 PST"]
[Termination "Game drawn - insufficient material"]

1. e4 c5 2. Nf3 d6 3. d4 cxd4 4. Nxd4 Nf6 5. Nc3 Bd7 6. Bg5 e6 7. f4 Be7 8. Qd3 a6 9. O-O-O Nc6 10. Nxc6 Bxc6 11. Qe3 Qa5 12. Be2 h6 13. Bh4 g5 14.
fxg5 hxg5 15. Bg3 Qc5 16. Qd3 O-O-O 17. Rhf1 d5 18. e5 Ne4 19. Rxf7 Nxg3 20. hxg3 Rhf8 21. Bg4 Rxf7 22. Bxe6+ Kb8 23. Bxf7 d4 24. Ne2 Bb5 25. Qe4 d3 26. Nc3 Qf2 27. cxd3 Qxf7 28. d4 Bc4 29. d5 Rc8 30. d6 Bf8 31. d7 Rd8 32. Nd5 Bxd5 33. Qxd5 Qxd5 34. Rxd5 Kc7 35. e6 Kc6 36. Rd4 Bc5 37. Rd3 Be7 38. Kd2 Rf8 39.
Kc3 g4 40. Kc4 b5+ 41. Kb3 a5 42. a4 bxa4+ 43. Kxa4 Bd8 44. b3 Rg8 45. Re3 Kd6 46. Kb5 Ke7 47. Kc6 Rg5 48. Kb7 Rc5 49. Re4 Rb5+ 50. Kc6 Rxb3 51. Rxg4 Kxe6 52. Re4+ Kf7 53. Re8 Rc3+ 54. Kb7 Rb3+ 55. Kc8 Bf6 56. d8=Q Bxd8 57. Rxd8 a4 58. Rd5 a3 59. Ra5 Ke6 60. Kc7 Rxg3 61. Kc6 Kf6 62. Ra8 Ke5 63. Kc5 Rb3 64. Kc4 Rg3 65. Kb4 Rxg2 66. Rxa3 Kf4 67. Kb3 Rg3+ 68.
Kb4 Rxa3 69. Kxa3 1/2-1/2

[Event "*** Titled Tuesday Blitz"]
[Site "Chess.com"]
[Date "2020.11.24"]
[Round "5"]
[White "Soltan49"]
[Black "mr_gustavo"]
[Result "0-1"]
[WhiteElo "2235"]
[BlackElo "2395"]
[TimeControl "180+1"]
[EndTime "11:13:19 PST"]
[Termination "mr_gustavo won on time"]

1. d4 Nf6 2. c4 e6 3. Nf3 d5 4. g3 dxc4 5. Bg2 a6 6. Ne5 Bb4+ 7. Nc3 Nd5 8. Bd2 Bxc3 9. bxc3 b5 10. e4 Nf6 11. O-O O-O 12. a4 Bb7 13. Qb1 Nbd7 14. Nxd7 Qxd7 15. Bg5 Ne8 16. axb5 axb5 17. Rxa8 Bxa8 18.
Qa2 Bb7 19. Qa7 c6 20. Bc1 Nd6 21. Ba3 Ra8 22. Qc5 Rd8 23. g4 f6 24. f4 Nf7 25. e5 fxe5 26. fxe5 Ra8 27. g5 g6 28.
h4 Kg7 29. Rf6 Re8 30. Bh3 Bc8 31. Qb4 Qb7 32. Qb1 Bd7 33. Qf1 Bc8 34. Bc5 Rd8 35. Qf4 Bd7 36. Kf2 Be8 37. Kg1 Rd7 38. h5 Rc7 39. h6+ Kg8 40. Bxe6 Re7 41. Bxe7 Qxe7 42. Bxf7+ Bxf7 43. Rxf7 Qxf7 44. Qf6 Qxf6 45. gxf6 Kf7 46. Kf2 g5 47. Kf3 Kg6 48. Kg4 Kxh6 49. e6 Kg6 50. f7 h5+ 51. Kf3 Kg7 52. Ke4 Kf8 53. Kf5 Ke7 54.
Kxg5 b4 55. cxb4 c3 56. b5 c2 57. d5 c1=Q+ 58. Kxh5 cxd5 59. b6 Qb2 60. Kg6 Qxb6 61. Kg7 Qg1+ 62. Kh7 Qh2+ 63. Kg8 Qg3+ 64. Kh8 Qh4+ 65.
Kg7 Qg5+ 66. Kh7 Kxe6 67. f8=Q Qf5+ 68. Qxf5+ Kxf5 0-1

[Event "*** Titled Tuesday Blitz"]
[Site "Chess.com"]
[Date "2020.11.24"]
[Round "5"]
[White "arjwezhrtdrz"]
[Black "MaxLeto"]
[Result "1/2-1/2"]
[WhiteElo "2317"]
[BlackElo "2409"]
[TimeControl "180+1"]
[EndTime "11:13:23 PST"]
[Termination "Game drawn by 50-move rule"]

1. e4 c5 2. c3 Nf6 3. e5 Nd5 4. Nf3 Nc6 5. d4 cxd4 6. cxd4 d6 7. Bc4 e6 8. O-O Be7 9. Qe2 O-O 10. Rd1 a6 11. h3 b5 12. Bxd5 exd5 13. Nc3 Be6 14.
Bf4 Rc8 15. Rac1 Qd7 16. b3 h6 17. Qd2 Rfd8 18. exd6 Bxd6 19. Bxd6 Qxd6 20. Qe3 Ne7 21.
Ne2 Bf5 22. Ng3 Bc2 23. Re1 Nf5 24. Nxf5 Bxf5 25. Qe5 Qxe5 26. Nxe5 Kf8 27. g4 Bh7 28. Nd7+ Kg8 29. Nc5 a5 30. a3 Bg6 31. f3 f6 32.
Kf2 Bf7 33. Re7 Re8 34. Rce1 Kf8 35. Rxe8+ Bxe8 36. Ne6+ Kf7 37. Nc5 Bc6 38. h4 g6 39.
f4 g5 40. Kg3 Re8 41. Rxe8 Kxe8 42. b4 axb4 43. axb4 Kf7 44. hxg5 hxg5 45. fxg5 fxg5 46. Nd3 Kf6 47. Ne5 Be8 48. Nf3 Kg6 49. Ne1 Kf6 50.
Nd3 Bd7 51. Kf3 Be8 52. Ne5 Ke6 53. Kg3 Kf6 54. Nf3 Bd7 55. Nd2 Be8 56. Nb3 Ke6 57. Na5 Kd6 58. Nb7+ Ke6 59. Nc5+ Kf6 60. Kf3 Bc6 61. Nb3 Bd7 62. Nc1 Bc8 63. Na2 Bd7 64. Nc3 Bc6 65. Kg3 Ke6 66. Ne2 Kf6 67. Ng1 Bd7 68. Nf3 Be8 69. Ne5 Ke6 70. Kf3 Kf6 71. Nd3 Bd7 72. Nc1 Bc8 73. Ne2 Bd7 74. Kg3 Ke6 75. Ng1 Kf6 76. Nh3 Kg6 77. Nf2 Be8 78.
Nd3 Kf6 79. Nc1 Ke6 80. Nb3 Bc6 81. Kf3 Kf6 82. Na1 Ke6 83. Nc2 Kd6 84. Ne3 Ke6 85. Nf5 Kf6 86. Ng3 Kg6 87. Nh1 Kf6 88. Nf2 Bd7 89.
Nd3 Be6 90. Ne5 Kg7 91. Kg3 Kf6 92. Nc6 Bd7 93. Na5 Be8 94. Nb3 Bc6 95. Na1 Bd7 1/2-1/2

[Event "*** Titled Tuesday Blitz"]
[Site "Chess.com"]
[Date "2020.11.24"]
[Round "5"]
[White "Oleksandr_Bortnyk"]
[Black "AvitalBor"]
[Result "0-1"]
[WhiteElo "2896"]
[BlackElo "2695"]
[TimeControl "180+1"]
[EndTime "11:13:24 PST"]
[Termination "AvitalBor won on time"]

1. e4 e5 2. Bc4 Nc6 3. d3 Bc5 4. Nc3 d6 5. h3 Na5 6. Bb3 Nxb3 7. axb3 a6 8. Nf3 Ne7 9. Be3 Nc6 10. Bxc5 dxc5 11.
Qd2 f6 12. Nd5 Be6 13. Ne3 Nd4 14. Nxd4 cxd4 15. Nf1 Qd7 16. Ng3 h5 17. f4 h4 18.
Ne2 O-O-O 19. fxe5 fxe5 20. Qg5 Qd6 21. O-O Rh6 22. Ra5 c5 23. b4 cxb4 24. Rxe5 Kb8 25. Qxg7 Rhh8 26. Qf6 Bc8 27. Qxd6+ Rxd6 28. Kh2 Rhd8 29.
Rf2 Rc6 30. Ng1 b3 31. cxb3 Rb6 32. Nf3 Rxb3 33. Rd2 Rd6 34. Re8 Rdb6 35. Rc2 Rc6 36. Rxc6 bxc6 37. Nxd4 Rxb2 38. Nxc6+ Kc7 39. Ne5 a5 40. Nc4 Ra2 41. Re5 a4 42. Rc5+ Kd8 43. d4 Rc2 44. Rd5+ Ke7 45. Nb6 Be6 46. Re5 a3 47. d5 a2 48. Rxe6+ Kd8 49. d6 a1=Q 50. d7 Rxg2+ 51. Kxg2 Qa2+ 52. Kf3 Qxe6 53. Nd5 Qf7+ 54.
Kg4 Kxd7 55. Kxh4 Qh7+ 56. Kg5 Qg7+ 57. Kf5 Qh7+ 58. Kg5 Qxh3 59. Kf4 Qh4+ 60. Ke5 Ke8 61. Kf5 Qf2+ 62. Ke5 Kf7 63. Kd6 Kg6 64. e5 Qf8+ 65.
Kd7 Qf5+ 66. Kd6 Kf7 67. Nc7 Qd3+ 68. Nd5 Qa6+ 69. Kd7 Qe6+ 0-1

[Event "*** Titled Tuesday Blitz"]
[Site "Chess.com"]
[Date "2020.11.24"]
[Round "5"]
[White "FLamps8"]
[Black "santosalberto1987"]
[Result "1-0"]
[WhiteElo "2482"]
[BlackElo "2450"]
[TimeControl "180+1"]
[EndTime "11:13:24 PST"]
[Termination "FLamps8 won on time"]

1. d4 d5 2. c4 c6 3. Nf3 Nf6 4. e3 Bf5 5. Nc3 e6 6. Bd3 Bg6 7. O-O Nbd7 8. Qe2 Be7 9. b3 Bxd3 10. Qxd3 O-O 11. Bb2 a5 12. e4 dxe4 13. Nxe4 a4 14. Rad1 axb3 15. axb3 Ra2 16. Qb1 Qa5 17. Bc3 Qa3 18.
Rfe1 Ra8 19. Ne5 Nxe5 20. Nxf6+ Bxf6 21. dxe5 Be7 22. Rd7 Bb4 23. Bxb4 Qxb4 24. Red1 g6 25. Qd3 Ra1 26. Rd8+ Kg7 27. Rxa8 Rxa8 28. Qf3 Qe7 29. g3 Rd8 30. Rd3 Rxd3 31. Qxd3 Qc5 32. Qe4 b5 33.
Kg2 bxc4 34. bxc4 h6 35. h4 Qb6 36. Qf4 Qd8 37. Qf3 c5 38. Qe4 Qc7 39. Qf4 Qe7 40. Qe3 g5 41. hxg5 hxg5 42. g4 Kg6 43. Qe4+ Kg7 44. Qc6 Kg6 45. Kg3 Kg7 46. f3 Kg6 47. Qe4+ Kg7 48. Qc6 Kg6 49. Kf2 Kg7 50. Ke3 Kg6 51.
Ke4 Kg7 52. Qd6 Qa7 53. Ke3 Qa3+ 54. Kf2 Qb2+ 55. Kg3 Qb4 56. Qd3 Qe1+ 57. Kg2 Qxe5 58. Qd2 Kg6 59. Qd3+ Kf6 60. Qc2 Qd4 61. Qe2 Kg6 62.
Qc2+ f5 63. Qe2 Kf6 64. gxf5 exf5 65. Qa2 1-0